AoeStats
← Kerry Kachota

Arena

510339586Analyzed
1v1 RM · 2d ago on Sep 30, 2026· 29m 16s· 2 players
Game mode
Random Map
Map size
Tiny (2 player)
Population
200
Speed
Normal
Resources
Standard
Victory
Conquest
Starting age
Dark Age
Ending age
Imperial Age
RankedLock teamsTeams togetherTeam positionsShared explorationLock speedFull tech treeHidden civsTurbo modeCheats
Victory
Defeat
🇩🇰 Portuguese · Denmark
715
+16
🇦🇷 Bohemians · Argentina
714
-16
Kerry Kachota
8:40 Loom
10:49 Feudal Age
15:43 Castle Age
14:17 Horse Collar
16:12 Double-Bit Axe
17:15 Wheelbarrow
16:27 Town Watch
17:15 Man-at-Arms
18:21 Bow Saw
21:54 Husbandry
23:10 Scale Barding Armor
DK | RISKY
10:49 Feudal Age
15:18 Castle Age
13:59 Loom
14:04 Double-Bit Axe
19:45 Fletching
20:04 Padded Archer Armor
25:46 Horse Collar
Connection lost

Rejoining the realm…

Still unreachable

The connection could not be restored.

Session expired

The server has moved on; the page needs a fresh start.